Workbook

Sheet Lists
A1: YesNo | C1: Other Expense Categories
A2: Yes | C2: Agent/management fees
A3: No | C3: Insurance
C4: Ground rent/service charges
C5: Utilities (landlord)
C6: Council tax (landlord)
C7: Travel
C8: Legal/accounting/professional
C9: Office/admin/postage
C10: Repairs (minor)
C11: Cleaning/gardening
C12: Advertising/letting fees
C13: Other allowable

Sheet Properties
A1: Property (name or address) | B1: Postcode | C1: Ownership % | D1: Joint owner(s) | E1: Notes

Sheet Rents
A1: Date received | B1: Property | C1: Tenant/Ref | D1: Period from | E1: Period to | F1: Rent amount (gross) | G1: Other income (optional) | H1: Notes

Sheet MortgageInterest
A1: Date paid | B1: Property | C1: Lender | D1: Interest amount | E1: Notes

Sheet Repairs
A1: Date paid | B1: Property | C1: Supplier/Contractor | D1: Description | E1: Amount (repairs & maintenance) | F1: Capital? (Yes/No) | G1: Notes

Sheet OtherExpenses
A1: Date paid | B1: Property | C1: Supplier | D1: Description | E1: Category | F1: Amount (allowable) | G1: Notes

Sheet Summary
B2: Landlord Income & Expenses — Per Property Summary
B4: Tax Year Start (dd/mm/yyyy) | C4: 06/04/2025 | E4: Property focus
B5: Tax Year End | C5: =DATE(YEAR(C4)+1,4,5)
B6: Note: Since 2020, finance costs (e.g., mortgage interest) are a basic-rate tax credit and are not deducted from property profits. | E6: Selected property snapshot
E7: Rent (gross) | F7: =IF($F$4="","",SUMIFS(Rents!F:F,Rents!B:B,$F$4,Rents!A:A,">="&$C$4,Rents!A:A,"<="&$C$5))
B8: Property | C8: Rent (gross) | D8: Other income | E8: Other income | F8: =IF($F$4="","",SUMIFS(Rents!G:G,Rents!B:B,$F$4,Rents!A:A,">="&$C$4,Rents!A:A,"<="&$C$5)) | G8: Total expenses (ex finance) | H8: Finance costs (mortgage interest) | I8: Profit excl. finance | J8: Basic rate tax credit (20% of finance)
B9: =IF(Properties!A2<>"",Properties!A2,"") | C9: =IF($B9="","",SUMIFS(Rents!F:F,Rents!B:B,$B9,Rents!A:A,">="&$C$4,Rents!A:A,"<="&$C$5)) | D9: =IF($B9="","",SUMIFS(Rents!G:G,Rents!B:B,$B9,Rents!A:A,">="&$C$4,Rents!A:A,"<="&$C$5)) | E9: Repairs (allowable) | F9: =IF($F$4="","",SUMIFS(Repairs!E:E,Repairs!B:B,$F$4,Repairs!F:F,"No",Repairs!A:A,">="&$C$4,Repairs!A:A,"<="&$C$5)) | G9: =IF($B9="","",E9+F9) | H9: =IF($B9="","",SUMIFS(MortgageInterest!D:D,MortgageInterest!B:B,$B9,MortgageInterest!A:A,">="&$C$4,MortgageInterest!A:A,"<="&$C$5)) | I9: =IF($B9="","",(C9+D9)-G9) | J9: =IF($B9="","",H9*0.20)
B10: =IF(Properties!A3<>"",Properties!A3,"") | C10: =IF($B10="","",SUMIFS(Rents!F:F,Rents!B:B,$B10,Rents!A:A,">="&$C$4,Rents!A:A,"<="&$C$5)) | D10: =IF($B10="","",SUMIFS(Rents!G:G,Rents!B:B,$B10,Rents!A:A,">="&$C$4,Rents!A:A,"<="&$C$5)) | E10: Other expenses | F10: =IF($F$4="","",SUMIFS(OtherExpenses!F:F,OtherExpenses!B:B,$F$4,OtherExpenses!A:A,">="&$C$4,OtherExpenses!A:A,"<="&$C$5)) | G10: =IF($B10="","",E10+F10) | H10: =IF($B10="","",SUMIFS(MortgageInterest!D:D,MortgageInterest!B:B,$B10,MortgageInterest!A:A,">="&$C$4,MortgageInterest!A:A,"<="&$C$5)) | I10: =IF($B10="","",(C10+D10)-G10) | J10: =IF($B10="","",H10*0.20)
B11: =IF(Properties!A4<>"",Properties!A4,"") | C11: =IF($B11="","",SUMIFS(Rents!F:F,Rents!B:B,$B11,Rents!A:A,">="&$C$4,Rents!A:A,"<="&$C$5)) | D11: =IF($B11="","",SUMIFS(Rents!G:G,Rents!B:B,$B11,Rents!A:A,">="&$C$4,Rents!A:A,"<="&$C$5)) | E11: Finance costs | F11: =IF($F$4="","",SUMIFS(MortgageInterest!D:D,MortgageInterest!B:B,$F$4,MortgageInterest!A:A,">="&$C$4,MortgageInterest!A:A,"<="&$C$5)) | G11: =IF($B11="","",E11+F11) | H11: =IF($B11="","",SUMIFS(MortgageInterest!D:D,MortgageInterest!B:B,$B11,MortgageInterest!A:A,">="&$C$4,MortgageInterest!A:A,"<="&$C$5)) | I11: =IF($B11="","",(C11+D11)-G11) | J11: =IF($B11="","",H11*0.20)
B12: =IF(Properties!A5<>"",Properties!A5,"") | C12: =IF($B12="","",SUMIFS(Rents!F:F,Rents!B:B,$B12,Rents!A:A,">="&$C$4,Rents!A:A,"<="&$C$5)) | D12: =IF($B12="","",SUMIFS(Rents!G:G,Rents!B:B,$B12,Rents!A:A,">="&$C$4,Rents!A:A,"<="&$C$5)) | E12: Profit excl. finance | F12: =IF($F$4="","",(F7+F8)-(F9+F10)) | G12: =IF($B12="","",E12+F12) | H12: =IF($B12="","",SUMIFS(MortgageInterest!D:D,MortgageInterest!B:B,$B12,MortgageInterest!A:A,">="&$C$4,MortgageInterest!A:A,"<="&$C$5)) | I12: =IF($B12="","",(C12+D12)-G12) | J12: =IF($B12="","",H12*0.20)
B13: =IF(Properties!A6<>"",Properties!A6,"") | C13: =IF($B13="","",SUMIFS(Rents!F:F,Rents!B:B,$B13,Rents!A:A,">="&$C$4,Rents!A:A,"<="&$C$5)) | D13: =IF($B13="","",SUMIFS(Rents!G:G,Rents!B:B,$B13,Rents!A:A,">="&$C$4,Rents!A:A,"<="&$C$5)) | E13: Basic rate credit (20% of finance) | F13: =IF($F$4="","",F11*0.20) | G13: =IF($B13="","",E13+F13) | H13: =IF($B13="","",SUMIFS(MortgageInterest!D:D,MortgageInterest!B:B,$B13,MortgageInterest!A:A,">="&$C$4,MortgageInterest!A:A,"<="&$C$5)) | I13: =IF($B13="","",(C13+D13)-G13) | J13: =IF($B13="","",H13*0.20)
B14: =IF(Properties!A7<>"",Properties!A7,"") | C14: =IF($B14="","",SUMIFS(Rents!F:F,Rents!B:B,$B14,Rents!A:A,">="&$C$4,Rents!A:A,"<="&$C$5)) | D14: =IF($B14="","",SUMIFS(Rents!G:G,Rents!B:B,$B14,Rents!A:A,">="&$C$4,Rents!A:A,"<="&$C$5)) | E14: =IF($B14="","",SUMIFS(Repairs!E:E,Repairs!B:B,$B14,Repairs!F:F,"No",Repairs!A:A,">="&$C$4,Repairs!A:A,"<="&$C$5)) | F14: =IF($B14="","",SUMIFS(OtherExpenses!F:F,OtherExpenses!B:B,$B14,OtherExpenses!A:A,">="&$C$4,OtherExpenses!A:A,"<="&$C$5)) | G14: =IF($B14="","",E14+F14) | H14: =IF($B14="","",SUMIFS(MortgageInterest!D:D,MortgageInterest!B:B,$B14,MortgageInterest!A:A,">="&$C$4,MortgageInterest!A:A,"<="&$C$5)) | I14: =IF($B14="","",(C14+D14)-G14) | J14: =IF($B14="","",H14*0.20)
B15: =IF(Properties!A8<>"",Properties!A8,"") | C15: =IF($B15="","",SUMIFS(Rents!F:F,Rents!B:B,$B15,Rents!A:A,">="&$C$4,Rents!A:A,"<="&$C$5)) | D15: =IF($B15="","",SUMIFS(Rents!G:G,Rents!B:B,$B15,Rents!A:A,">="&$C$4,Rents!A:A,"<="&$C$5)) | E15: =IF($B15="","",SUMIFS(Repairs!E:E,Repairs!B:B,$B15,Repairs!F:F,"No",Repairs!A:A,">="&$C$4,Repairs!A:A,"<="&$C$5)) | F15: =IF($B15="","",SUMIFS(OtherExpenses!F:F,OtherExpenses!B:B,$B15,OtherExpenses!A:A,">="&$C$4,OtherExpenses!A:A,"<="&$C$5)) | G15: =IF($B15="","",E15+F15) | H15: =IF($B15="","",SUMIFS(MortgageInterest!D:D,MortgageInterest!B:B,$B15,MortgageInterest!A:A,">="&$C$4,MortgageInterest!A:A,"<="&$C$5)) | I15: =IF($B15="","",(C15+D15)-G15) | J15: =IF($B15="","",H15*0.20)
B16: =IF(Properties!A9<>"",Properties!A9,"") | C16: =IF($B16="","",SUMIFS(Rents!F:F,Rents!B:B,$B16,Rents!A:A,">="&$C$4,Rents!A:A,"<="&$C$5)) | D16: =IF($B16="","",SUMIFS(Rents!G:G,Rents!B:B,$B16,Rents!A:A,">="&$C$4,Rents!A:A,"<="&$C$5)) | E16: =IF($B16="","",SUMIFS(Repairs!E:E,Repairs!B:B,$B16,Repairs!F:F,"No",Repairs!A:A,">="&$C$4,Repairs!A:A,"<="&$C$5)) | F16: =IF($B16="","",SUMIFS(OtherExpenses!F:F,OtherExpenses!B:B,$B16,OtherExpenses!A:A,">="&$C$4,OtherExpenses!A:A,"<="&$C$5)) | G16: =IF($B16="","",E16+F16) | H16: =IF($B16="","",SUMIFS(MortgageInterest!D:D,MortgageInterest!B:B,$B16,MortgageInterest!A:A,">="&$C$4,MortgageInterest!A:A,"<="&$C$5)) | I16: =IF($B16="","",(C16+D16)-G16) | J16: =IF($B16="","",H16*0.20)
B17: =IF(Properties!A10<>"",Properties!A10,"") | C17: =IF($B17="","",SUMIFS(Rents!F:F,Rents!B:B,$B17,Rents!A:A,">="&$C$4,Rents!A:A,"<="&$C$5)) | D17: =IF($B17="","",SUMIFS(Rents!G:G,Rents!B:B,$B17,Rents!A:A,">="&$C$4,Rents!A:A,"<="&$C$5)) | E17: =IF($B17="","",SUMIFS(Repairs!E:E,Repairs!B:B,$B17,Repairs!F:F,"No",Repairs!A:A,">="&$C$4,Repairs!A:A,"<="&$C$5)) | F17: =IF($B17="","",SUMIFS(OtherExpenses!F:F,OtherExpenses!B:B,$B17,OtherExpenses!A:A,">="&$C$4,OtherExpenses!A:A,"<="&$C$5)) | G17: =IF($B17="","",E17+F17) | H17: =IF($B17="","",SUMIFS(MortgageInterest!D:D,MortgageInterest!B:B,$B17,MortgageInterest!A:A,">="&$C$4,MortgageInterest!A:A,"<="&$C$5)) | I17: =IF($B17="","",(C17+D17)-G17) | J17: =IF($B17="","",H17*0.20)
B18: =IF(Properties!A11<>"",Properties!A11,"") | C18: =IF($B18="","",SUMIFS(Rents!F:F,Rents!B:B,$B18,Rents!A:A,">="&$C$4,Rents!A:A,"<="&$C$5)) | D18: =IF($B18="","",SUMIFS(Rents!G:G,Rents!B:B,$B18,Rents!A:A,">="&$C$4,Rents!A:A,"<="&$C$5)) | E18: =IF($B18="","",SUMIFS(Repairs!E:E,Repairs!B:B,$B18,Repairs!F:F,"No",Repairs!A:A,">="&$C$4,Repairs!A:A,"<="&$C$5)) | F18: =IF($B18="","",SUMIFS(OtherExpenses!F:F,OtherExpenses!B:B,$B18,OtherExpenses!A:A,">="&$C$4,OtherExpenses!A:A,"<="&$C$5)) | G18: =IF($B18="","",E18+F18) | H18: =IF($B18="","",SUMIFS(MortgageInterest!D:D,MortgageInterest!B:B,$B18,MortgageInterest!A:A,">="&$C$4,MortgageInterest!A:A,"<="&$C$5)) | I18: =IF($B18="","",(C18+D18)-G18) | J18: =IF($B18="","",H18*0.20)
B19: =IF(Properties!A12<>"",Properties!A12,"") | C19: =IF($B19="","",SUMIFS(Rents!F:F,Rents!B:B,$B19,Rents!A:A,">="&$C$4,Rents!A:A,"<="&$C$5)) | D19: =IF($B19="","",SUMIFS(Rents!G:G,Rents!B:B,$B19,Rents!A:A,">="&$C$4,Rents!A:A,"<="&$C$5)) | E19: =IF($B19="","",SUMIFS(Repairs!E:E,Repairs!B:B,$B19,Repairs!F:F,"No",Repairs!A:A,">="&$C$4,Repairs!A:A,"<="&$C$5)) | F19: =IF($B19="","",SUMIFS(OtherExpenses!F:F,OtherExpenses!B:B,$B19,OtherExpenses!A:A,">="&$C$4,OtherExpenses!A:A,"<="&$C$5)) | G19: =IF($B19="","",E19+F19) | H19: =IF($B19="","",SUMIFS(MortgageInterest!D:D,MortgageInterest!B:B,$B19,MortgageInterest!A:A,">="&$C$4,MortgageInterest!A:A,"<="&$C$5)) | I19: =IF($B19="","",(C19+D19)-G19) | J19: =IF($B19="","",H19*0.20)
B20: =IF(Properties!A13<>"",Properties!A13,"") | C20: =IF($B20="","",SUMIFS(Rents!F:F,Rents!B:B,$B20,Rents!A:A,">="&$C$4,Rents!A:A,"<="&$C$5)) | D20: =IF($B20="","",SUMIFS(Rents!G:G,Rents!B:B,$B20,Rents!A:A,">="&$C$4,Rents!A:A,"<="&$C$5)) | E20: =IF($B20="","",SUMIFS(Repairs!E:E,Repairs!B:B,$B20,Repairs!F:F,"No",Repairs!A:A,">="&$C$4,Repairs!A:A,"<="&$C$5)) | F20: =IF($B20="","",SUMIFS(OtherExpenses!F:F,OtherExpenses!B:B,$B20,OtherExpenses!A:A,">="&$C$4,OtherExpenses!A:A,"<="&$C$5)) | G20: =IF($B20="","",E20+F20) | H20: =IF($B20="","",SUMIFS(MortgageInterest!D:D,MortgageInterest!B:B,$B20,MortgageInterest!A:A,">="&$C$4,MortgageInterest!A:A,"<="&$C$5)) | I20: =IF($B20="","",(C20+D20)-G20) | J20: =IF($B20="","",H20*0.20)
B21: =IF(Properties!A14<>"",Properties!A14,"") | C21: =IF($B21="","",SUMIFS(Rents!F:F,Rents!B:B,$B21,Rents!A:A,">="&$C$4,Rents!A:A,"<="&$C$5)) | D21: =IF($B21="","",SUMIFS(Rents!G:G,Rents!B:B,$B21,Rents!A:A,">="&$C$4,Rents!A:A,"<="&$C$5)) | E21: =IF($B21="","",SUMIFS(Repairs!E:E,Repairs!B:B,$B21,Repairs!F:F,"No",Repairs!A:A,">="&$C$4,Repairs!A:A,"<="&$C$5)) | F21: =IF($B21="","",SUMIFS(OtherExpenses!F:F,OtherExpenses!B:B,$B21,OtherExpenses!A:A,">="&$C$4,OtherExpenses!A:A,"<="&$C$5)) | G21: =IF($B21="","",E21+F21) | H21: =IF($B21="","",SUMIFS(MortgageInterest!D:D,MortgageInterest!B:B,$B21,MortgageInterest!A:A,">="&$C$4,MortgageInterest!A:A,"<="&$C$5)) | I21: =IF($B21="","",(C21+D21)-G21) | J21: =IF($B21="","",H21*0.20)
B22: =IF(Properties!A15<>"",Properties!A15,"") | C22: =IF($B22="","",SUMIFS(Rents!F:F,Rents!B:B,$B22,Rents!A:A,">="&$C$4,Rents!A:A,"<="&$C$5)) | D22: =IF($B22="","",SUMIFS(Rents!G:G,Rents!B:B,$B22,Rents!A:A,">="&$C$4,Rents!A:A,"<="&$C$5)) | E22: =IF($B22="","",SUMIFS(Repairs!E:E,Repairs!B:B,$B22,Repairs!F:F,"No",Repairs!A:A,">="&$C$4,Repairs!A:A,"<="&$C$5)) | F22: =IF($B22="","",SUMIFS(OtherExpenses!F:F,OtherExpenses!B:B,$B22,OtherExpenses!A:A,">="&$C$4,OtherExpenses!A:A,"<="&$C$5)) | G22: =IF($B22="","",E22+F22) | H22: =IF($B22="","",SUMIFS(MortgageInterest!D:D,MortgageInterest!B:B,$B22,MortgageInterest!A:A,">="&$C$4,MortgageInterest!A:A,"<="&$C$5)) | I22: =IF($B22="","",(C22+D22)-G22) | J22: =IF($B22="","",H22*0.20)
B23: =IF(Properties!A16<>"",Properties!A16,"") | C23: =IF($B23="","",SUMIFS(Rents!F:F,Rents!B:B,$B23,Rents!A:A,">="&$C$4,Rents!A:A,"<="&$C$5)) | D23: =IF($B23="","",SUMIFS(Rents!G:G,Rents!B:B,$B23,Rents!A:A,">="&$C$4,Rents!A:A,"<="&$C$5)) | E23: =IF($B23="","",SUMIFS(Repairs!E:E,Repairs!B:B,$B23,Repairs!F:F,"No",Repairs!A:A,">="&$C$4,Repairs!A:A,"<="&$C$5)) | F23: =IF($B23="","",SUMIFS(OtherExpenses!F:F,OtherExpenses!B:B,$B23,OtherExpenses!A:A,">="&$C$4,OtherExpenses!A:A,"<="&$C$5)) | G23: =IF($B23="","",E23+F23) | H23: =IF($B23="","",SUMIFS(MortgageInterest!D:D,MortgageInterest!B:B,$B23,MortgageInterest!A:A,">="&$C$4,MortgageInterest!A:A,"<="&$C$5)) | I23: =IF($B23="","",(C23+D23)-G23) | J23: =IF($B23="","",H23*0.20)
B24: =IF(Properties!A17<>"",Properties!A17,"") | C24: =IF($B24="","",SUMIFS(Rents!F:F,Rents!B:B,$B24,Rents!A:A,">="&$C$4,Rents!A:A,"<="&$C$5)) | D24: =IF($B24="","",SUMIFS(Rents!G:G,Rents!B:B,$B24,Rents!A:A,">="&$C$4,Rents!A:A,"<="&$C$5)) | E24: =IF($B24="","",SUMIFS(Repairs!E:E,Repairs!B:B,$B24,Repairs!F:F,"No",Repairs!A:A,">="&$C$4,Repairs!A:A,"<="&$C$5)) | F24: =IF($B24="","",SUMIFS(OtherExpenses!F:F,OtherExpenses!B:B,$B24,OtherExpenses!A:A,">="&$C$4,OtherExpenses!A:A,"<="&$C$5)) | G24: =IF($B24="","",E24+F24) | H24: =IF($B24="","",SUMIFS(MortgageInterest!D:D,MortgageInterest!B:B,$B24,MortgageInterest!A:A,">="&$C$4,MortgageInterest!A:A,"<="&$C$5)) | I24: =IF($B24="","",(C24+D24)-G24) | J24: =IF($B24="","",H24*0.20)
B25: =IF(Properties!A18<>"",Properties!A18,"") | C25: =IF($B25="","",SUMIFS(Rents!F:F,Rents!B:B,$B25,Rents!A:A,">="&$C$4,Rents!A:A,"<="&$C$5)) | D25: =IF($B25="","",SUMIFS(Rents!G:G,Rents!B:B,$B25,Rents!A:A,">="&$C$4,Rents!A:A,"<="&$C$5)) | E25: =IF($B25="","",SUMIFS(Repairs!E:E,Repairs!B:B,$B25,Repairs!F:F,"No",Repairs!A:A,">="&$C$4,Repairs!A:A,"<="&$C$5)) | F25: =IF($B25="","",SUMIFS(OtherExpenses!F:F,OtherExpenses!B:B,$B25,OtherExpenses!A:A,">="&$C$4,OtherExpenses!A:A,"<="&$C$5)) | G25: =IF($B25="","",E25+F25) | H25: =IF($B25="","",SUMIFS(MortgageInterest!D:D,MortgageInterest!B:B,$B25,MortgageInterest!A:A,">="&$C$4,MortgageInterest!A:A,"<="&$C$5)) | I25: =IF($B25="","",(C25+D25)-G25) | J25: =IF($B25="","",H25*0.20)
... B58: =IF(Properties!A51<>"",Properties!A51,"") | C58: =IF($B58="","",SUMIFS(Rents!F:F,Rents!B:B,$B58,Rents!A:A,">="&$C$4,Rents!A:A,"<="&$C$5)) | D58: =IF($B58="","",SUMIFS(Rents!G:G,Rents!B:B,$B58,Rents!A:A,">="&$C$4,Rents!A:A,"<="&$C$5)) | E58: =IF($B58="","",SUMIFS(Repairs!E:E,Repairs!B:B,$B58,Repairs!F:F,"No",Repairs!A:A,">="&$C$4,Repairs!A:A,"<="&$C$5)) | F58: =IF($B58="","",SUMIFS(OtherExpenses!F:F,OtherExpenses!B:B,$B58,OtherExpenses!A:A,">="&$C$4,OtherExpenses!A:A,"<="&$C$5)) | G58: =IF($B58="","",E58+F58) | H58: =IF($B58="","",SUMIFS(MortgageInterest!D:D,MortgageInterest!B:B,$B58,MortgageInterest!A:A,">="&$C$4,MortgageInterest!A:A,"<="&$C$5)) | I58: =IF($B58="","",(C58+D58)-G58) | J58: =IF($B58="","",H58*0.20)
B59: TOTALS | C59: =SUM(C9:C58) | D59: =SUM(D9:D58) | E59: =SUM(E9:E58) | F59: =SUM(F9:F58) | G59: =SUM(G9:G58) | H59: =SUM(H9:H58) | I59: =SUM(I9:I58) | J59: =SUM(J9:J58)
